 Dungeon Crawl Stone Soup version 0.29.1-1-gd02db6906a (webtiles) character file.

Game seed: 4995263473625141151

8 Kold the Trooper (level 2, 13/24 HPs)
             Began as a Demonspawn Cinder Acolyte on Oct 19, 2022.
             Was a High Priest of Ignis.
             Quit the game on level 1 of the Dungeon.
             The game lasted 00:00:16 (304 turns).

Kold the Trooper (Demonspawn Cinder Acolyte)         Turns: 304, Time: 00:00:16

Health: 13/24      AC:  2    Str: 14    XL:     2   Next: 0%
Magic:  3/3        EV: 11    Int: 15    God:    Ignis [*****.]
Gold:   10         SH:  0    Dex:  8    Spells: 3/3 levels left

rFire   + . .      SeeInvis .     - Unarmed
rCold   . . .      Faith    .   (no shield)
rNeg    . . .      Spirit   .   a - +0 robe
rPois   .          Reflect  .   (no helmet)
rElec   .          Harm     .   (no cloak)
rCorr   .          Rampage  .   (no gloves)
Will    .....                   (no boots)
Stlth   +.........              (no amulet)
HPRegen 0.08/turn               (no ring)
MPRegen 0.08/turn               (no ring)

@: no status effects
A: weakness stinger 1
a: Renounce Religion, Fiery Armour, Foxfire Swarm, Rising Flame


You were on level 1 of the Dungeon.
You worshipped Ignis.
Ignis was extremely pleased with you.
You visited 1 branch of the dungeon, and saw 1 of its levels.

You collected 10 gold pieces.

Inventory:

Armour
 a - a +0 robe (worn)
Jewellery
 d - a +4 ring of evasion
Scrolls
 b - a scroll of identify {unknown}
 c - 2 scrolls of enchant weapon {unknown}
 e - a scroll of blinking {unknown}


   Skills:
 + Level 3.1 Fighting
 + Level 2.8 Unarmed Combat
 + Level 1.2 Spellcasting
 + Level 2.8 Fire Magic


You had 3 spell levels left.
You didn't know any spells.
Your spell library contained the following spells:

 Spells                   Type           Power      Damage    Failure   Level
 Scorch                   Fire           18%        2d5       11%         2


Dungeon Overview and Level Annotations

Branches:
Dungeon (1/15)

Altars:


Innate Abilities, Weirdness & Mutations

You have a small tail.


Message History

You closely miss the bat. The bat misses you.
The bat hits you but does no damage.
You hit the bat.
You kill the bat!
No target in view!
No target in view!
e - a scroll labelled SIL VI AMUDAE A bat comes into view.
A bat is nearby!
A bat is nearby!
The bat hits you but does no damage.
You hit the bat but do no damage. The bat hits you but does no damage.
The bat barely misses you. x2
You hit the bat.
You kill the bat!
No target in view!
Found a stone staircase leading down.
A hobgoblin comes into view.
A hobgoblin is nearby!
A hobgoblin is nearby!
The hobgoblin shouts!
You hear a shout!
Found a dagger.
A goblin comes into view. It is wielding a +0 club.
You closely miss the hobgoblin. The hobgoblin closely misses you.
The goblin hits you with a +0 club.
You hit the hobgoblin.
The hobgoblin is moderately wounded.
The hobgoblin hits you. The goblin barely misses you.
You barely miss the hobgoblin.
The hobgoblin is moderately wounded.
The hobgoblin closely misses you. The goblin hits you with a +0 club.
You hit the hobgoblin.
You kill the hobgoblin!
The goblin hits you with a +0 club.
You hit the goblin.
You kill the goblin!
You have reached level 2!
Your demonic ancestry asserts itself...
You grow a small tail.
Are you sure you want to abandon this character and quit the game? (Confirm with "yes".)

.. # #. .. #. #.###.
##### .)... #...#
... ###..>###
##.#.#.#####.......#
......†)@..........#
##.#.#.#####.......#
...# ###...######
#.#.....###.........
#...................
# #.###.####...####.
#. #.####...# #.
#........# .#
####....##


There were no monsters in sight!

Vanquished Creatures
  3 bats (D:1)
  2 goblins (D:1)
  A hobgoblin (D:1)
  A ball python (D:1)
7 creatures vanquished.

Notes
Turn   | Place    | Note
-------+----------+-------------------------------------------
     0 | D:1      | Kold the Demonspawn Cinder Acolyte began the quest for the
                  | Orb.
     0 | D:1      | Reached XP level 1. HP: 18/18 MP: 2/2
   304 | D:1      | Gained mutation: You have a small tail. [demonic ancestry]
   304 | D:1      | Reached XP level 2. HP: 13/24 MP: 3/3
   304 | D:1      | Quit the game

Illustrated notes

Levels and vault maps discovered:
D:1:      dpeg_arrival_stone_temple_mockup, layout_loops_ring

Action                   || total
-------------------------++-------
Melee: Unarmed           ||    22
Armor: Robe              ||     8
Dodge: Dodged            ||    21
